Map: Blackpink LE

Players

Trap - Winner!

  • Race: Protoss Protoss
  • Spawn Location: 7:00

Harstem

  • Race: Protoss Protoss
  • Spawn Location: 1:00

Event: IEM Season 12 - Katowice

VOD

Have the link to the VOD?

Description

Time

  • Played on: Feb. 27, 2018, 11:32 a.m.
  • Length: 9:53

All games in this series

Show
View Real Time Build Order
Export as new Build Order

Trap Protoss - Winner!

Build Orders: Zealot Archon 

Get SALT Encoding   

  12  0:00  Probe  
  13  0:12  Probe  
  14  0:17  Pylon  
  14  0:25  Probe (Chrono Boost)  
  15  0:36  Gateway  
  15  0:37  Probe (Chrono Boost)  
  16  0:44  Probe (Chrono Boost)  
  17  0:51  Probe (Chrono Boost)  
  17  0:54  Assimilator  
  17  0:57  Assimilator  
  18  1:03  Probe (Chrono Boost)  
  19  1:11  Probe (Chrono Boost)  
  20  1:14  Gateway  
  20  1:17  Probe  
  20  1:24  Cybernetics Core  
  21  1:29  Probe  
  22  1:33  Pylon  
  22  1:41  Probe  
  23  1:53  Probe  
  24  1:59  Warp Gate (Chrono Boost)  
  24  2:01  Stalker x2  
  28  2:12  Pylon  
  28  2:27  Pylon  
  32  2:38  Adept x2  
  32  2:47  Nexus  
  32  2:50  Probe  
  33  3:02  Probe  
  33  3:05  Sentry x2  
  38  3:09  Pylon  
  38  3:22  Robotics Facility  
  38  3:25  Shield Battery  
  38  3:31  Probe  
  38  3:33  Sentry  
  41  3:43  Probe  
  39  3:55  Probe (Chrono Boost)  
  39  4:03  Probe (Chrono Boost)  
  39  4:08  Probe (Chrono Boost)  
  39  4:09  Adept x2  
  45  4:12  Probe (Chrono Boost)  
  45  4:14  Probe (Chrono Boost)  
  45  4:16  Observer  
  48  4:17  Probe (Chrono Boost)  
  48  4:19  Forge  
  48  4:22  Probe  
  50  4:28  Pylon  
  50  4:29  Probe  
  51  4:32  Adept x2  
  51  4:37  Observer  
  57  4:40  Probe (Chrono Boost)  
  57  4:42  Probe (Chrono Boost)  
  58  4:46  Assimilator x2  
  60  4:53  Probe (Chrono Boost)  
  60  4:55  Probe (Chrono Boost)  
  60  4:58  Probe (Chrono Boost)  
  57  5:00  Immortal  
  57  5:02  Probe  
  57  5:03  Protoss Ground Weapons Level 1  
  62  5:08  Probe  
  64  5:15  Probe (Chrono Boost)  
  64  5:19  Twilight Council  
  64  5:20  Probe (Chrono Boost)  
  65  5:27  Pylon  
  66  5:32  Probe x2 (Chrono Boost)  
  67  5:37  Probe (Chrono Boost)  
  67  5:38  Probe (Chrono Boost)  
  69  5:45  Immortal (Chrono Boost)  
  71  5:50  Stargate  
  71  5:55  Stargate  
  69  5:58  Gateway  
  69  6:00  Gateway  
  69  6:07  Shield Battery  
  69  6:11  Immortal (Chrono Boost)  
  69  6:13  Zealot x2  
  69  6:17  Pylon  
  77  6:18  Charge  
  77  6:26  Templar Archives  
  77  6:30  Gateway  
  77  6:34  Gateway  
  77  6:42  Phoenix x2  
  81  6:52  Pylon  
  85  6:59  Pylon  
  85  7:00  Warp Prism (Chrono Boost)  
  83  7:09  Phoenix (Chrono Boost)  
  87  7:17  Phoenix (Chrono Boost), Gateway  
  87  7:18  Gateway  
  87  7:29  Phoenix (Chrono Boost)  
  87  7:35  Phoenix  
  91  7:41  Pylon  
  91  7:42  Pylon  
  91  7:47  Zealot, High Templar x2  
  91  7:48  Zealot x2  
  101  7:53  Archon  
  101  7:56  Pylon  
  101  7:57  Pylon  
  101  8:04  Phoenix (Chrono Boost)  
  105  8:06  Phoenix (Chrono Boost)  
  105  8:11  Zealot  
  105  8:12  Zealot x2  
  111  8:28  Zealot x5  
  109  8:46  Zealot x2  
  109  8:47  Zealot  
  97  8:52  Zealot x4  
  97  8:57  Zealot  
  75  9:11  High Templar x2  
  75  9:12  High Templar x2  
  75  9:13  Zealot x2  
  75  9:16  Archon x2  
  87  9:18  Zealot x2  
  83  9:37  Zealot x2  
  87  9:41  Zealot x2  
  87  9:45  Zealot x3  
  95  9:49  Zealot  
Show
View Real Time Build Order
Export as new Build Order

Harstem Protoss 

Build Orders: Phoenix Opening, Blink Stalkers 

Get SALT Encoding   

  12  0:00  Probe  
  13  0:12  Probe  
  14  0:17  Pylon  
  14  0:24  Probe (Chrono Boost)  
  15  0:37  Probe (Chrono Boost), Gateway  
  16  0:45  Probe (Chrono Boost)  
  16  0:48  Assimilator  
  17  0:51  Probe  
  17  0:55  Assimilator  
  18  1:03  Probe (Chrono Boost)  
  19  1:09  Gateway  
  19  1:15  Probe (Chrono Boost)  
  20  1:22  Probe (Chrono Boost)  
  20  1:24  Cybernetics Core  
  21  1:29  Probe  
  22  1:38  Pylon  
  22  1:41  Probe  
  23  1:56  Probe  
  23  1:58  Warp Gate (Chrono Boost)  
  23  2:01  Sentry, Stalker  
  28  2:15  Pylon  
  28  2:26  Pylon  
  28  2:29  Stalker  
  30  2:33  Probe, Stalker  
  33  2:53  Nexus  
  33  2:57  Probe  
  34  3:06  Phoenix  
  34  3:09  Probe, Twilight Council  
  34  3:21  Probe  
  34  3:24  Robotics Facility  
  35  3:33  Probe  
  36  3:35  Pylon  
  36  3:46  Probe (Chrono Boost)  
  33  3:56  Blink (Chrono Boost)  
  33  3:58  Probe (Chrono Boost)  
  34  4:05  Probe x2 (Chrono Boost)  
  36  4:13  Observer  
  36  4:15  Probe (Chrono Boost)  
  36  4:16  Probe (Chrono Boost), Sentry  
  43  4:24  Probe (Chrono Boost)  
  43  4:25  Probe (Chrono Boost)  
  43  4:26  Adept  
  43  4:29  Probe (Chrono Boost)  
  46  4:32  Probe (Chrono Boost)  
  47  4:39  Probe  
  47  4:43  Probe  
  49  4:47  Pylon  
  49  4:51  Probe  
  49  4:55  Probe  
  49  4:58  Stalker x2  
  53  5:01  Robotics Bay  
  53  5:03  Probe  
  54  5:08  Probe, Shield Battery  
  55  5:15  Probe  
  55  5:20  Probe, Shield Battery  
  57  5:23  Pylon  
  57  5:26  Stalker  
  57  5:27  Probe  
  60  5:32  Probe  
  61  5:38  Nexus  
  61  5:39  Probe  
  61  5:41  Pylon  
  62  5:44  Probe  
  62  5:45  Disruptor (Chrono Boost)  
  66  5:51  Probe  
  66  5:55  Assimilator  
  66  5:56  Pylon  
  68  5:58  Assimilator  
  68  5:59  Robotics Facility  
  68  6:03  Probe  
  68  6:05  Pylon  
  68  6:09  Probe  
  69  6:14  Disruptor (Chrono Boost)  
  69  6:15  Probe  
  69  6:16  Pylon  
  73  6:21  Probe  
  73  6:25  Forge  
  74  6:28  Probe  
  74  6:29  Pylon  
  75  6:43  Probe, Gateway  
  75  6:46  Disruptor (Chrono Boost), Gateway  
  80  6:50  Disruptor (Chrono Boost)  
  80  6:53  Probe x2  
  84  6:56  Shield Battery  
  84  6:58  Probe  
  85  7:05  Probe  
  87  7:08  Stalker  
  87  7:10  Disruptor (Chrono Boost)  
  87  7:12  Probe  
  87  7:14  Shield Battery  
  92  7:19  Disruptor, Shield Battery  
  92  7:21  Probe  
  96  7:23  Probe  
  96  7:24  Probe  
  96  7:25  Stalker  
  100  7:33  Stalker  
  100  7:34  Assimilator  
  103  7:37  Probe  
  103  7:40  Probe, Gateway  
  103  7:42  Gateway  
  104  7:46  Disruptor (Chrono Boost)  
  104  7:48  Stalker  
  109  7:54  Shield Battery  
  109  7:55  Pylon  
  109  7:58  Shield Battery  
  109  7:59  Disruptor (Chrono Boost)  
  112  8:07  Photon Cannon  
  112  8:11  Photon Cannon  
  112  8:13  Stalker x2  
  112  8:15  Stalker  
  116  8:23  Pylon  
  116  8:26  Stalker  
  109  8:41  Probe  
  109  8:48  Stalker x3  
  99  8:53  Disruptor (Chrono Boost)  
  99  8:55  Zealot  
  90  9:02  Disruptor (Chrono Boost)  
  84  9:04  Probe  
  66  9:11  Zealot x2  
  66  9:13  Stalker x3  
  73  9:17  Stalker  
  73  9:21  Probe x3  
  66  9:33  Stalker x2  
  66  9:36  Stalker x2  
  72  9:42  Stalker  

Tags
 
Add a new tag
Caveats
  • Supply blocks, unpowered buildings, or Contaminate may cause inaccurate times.
  • Supply counts are checked every 10 seconds.